 Dungeon Crawl Stone Soup version 0.23-b1-67-g8bd44de (webtiles) character file.

Game seed: 7114901960635895957

179 Folque the Magician (level 5, -9/34 HPs)
             Began as an Octopode Wizard on Feb 5, 2019.
             Killed by divine providence
             ... invoked by an orc priest
              (15 damage)
             ... on level 3 of the Dungeon.
             The game lasted 00:11:23 (3982 turns).

Folque the Magician (Octopode Wizard)               Turns: 3982, Time: 00:11:24

Health: -9/34      AC:  1    Str:  6    XL:     5   Next: 59%
Magic:  2/10       EV: 13    Int: 21    God:
Gold:   154        SH:  0    Dex: 11    Spells: 0/11 levels left

rFire    . . .     SeeInvis .   n - +0 halberd
rCold    . . .     Gourm    .   (shield currently unavailable)
rNeg     . . .     Faith    .   a - +0 hat
rPois    .         Spirit   .   (no amulet)
rElec    .         Reflect  .   (no ring)
rCorr    .         Harm     .   (no ring)
MR       .....                  (no ring)
Stlth    +++.......             (no ring)
HPRegen  0.11/turn              (no ring)
MPRegen  0.12/turn              (no ring)
                                (no ring)
                                (no ring)

@: no status effects
A: almost no armour, stealthy swim, amphibious, 8 rings, constrict 8, camouflage
1, gelatinous body 1
a: no special abilities


You were on level 3 of the Dungeon.
You were not hungry.

You visited 1 branch of the dungeon, and saw 4 of its levels.

You collected 154 gold pieces.

Inventory:

Hand Weapons
 i - a +0 dagger
 m - a +0 dagger of venom
 n - a +0 halberd (weapon)
 p - a +0 hunting sling
Missiles
 h - 3 tomahawks (quivered)
 s - 17 sling bullets
Armour
 a - a +0 hat (worn)
Jewellery
 d - an uncursed amulet of the acrobat {unknown}
 v - an uncursed ring of stealth
Scrolls
 b - a scroll of magic mapping {unknown}
 e - a scroll of blinking {unknown}
 f - a scroll of remove curse {unknown}
 j - a scroll of teleportation {unknown}
 k - a scroll of noise {unknown}
 l - a scroll of immolation {unknown}
 r - 2 scrolls of enchant armour {unknown}
 t - a scroll of identify
 y - a scroll of fog {unknown}
 A - a scroll of amnesia {unknown}
Potions
 g - a potion of might {unknown}
 o - a potion of experience
 q - 2 potions of heal wounds
 u - a potion of haste {unknown}
 w - a potion of brilliance {unknown}
 x - a potion of berserk rage {unknown}
 z - 2 potions of curing {unknown}
Comestibles
 c - 4 rations
 B - 3 chunks of flesh


   Skills:
 - Level 2.0 Fighting
 - Level 2.0 Dodging
 - Level 3.1 Stealth
 + Level 3.9 Spellcasting
 * Level 2.7 Conjurations
 - Level 1.0 Summonings
 - Level 1.0 Translocations
 - Level 1.0 Air Magic
 - Level 2.0 Poison Magic


You couldn't memorise any spells.
You knew the following spells:

 Your Spells              Type           Power        Failure   Level  Hunger
a - Magic Dart            Conj           ###.         3%          1    None
b - Call Imp              Summ           #.......     12%         2    #......
c - Blink                 Tloc           N/A          12%         2    #......
d - Mephitic Cloud        Conj/Pois/Air  ##......     16%         3    ###....
e - Conjure Flame         Conj/Fire      #.......     21%         3    ###....

Your spell library contained the following spells:

 Spells                   Type           Power        Failure   Level  Hunger
 Slow                     Hex            #.......     19%         2    #......


Dungeon Overview and Level Annotations

Branches:
Dungeon (4/15)
 Temple: D:4-7

Altars:
Ashenzari
Okawaru

Annotations:
D:3 1 transporter, Folque's ghost, amateur OpWz


Innate Abilities, Weirdness & Mutations

You cannot wear most types of armour.
You are very stealthy in the water. (Stealth+)
You are amphibious.
You can wear up to eight rings at the same time.
You can use your tentacles to constrict eight enemies at once.
Your skin changes colour to match your surroundings (Stealth+).
Your rubbery body absorbs attacks. (AC +1, EV +1)


Message History

The orc priest is heavily wounded.
The orc priest seems less confused.
The orc closely misses you.
The phantom blinks!
The orc hits you with a +0 whip.
Your crimson imp barely misses the adder.
A jackal comes into view.
The orc priest hits you with a +0 dagger.
* * * LOW HITPOINT WARNING * * *
The iguana seems less confused.
The orc hits you with a +0 whip.
* * * LOW HITPOINT WARNING * * *
Your crimson imp hits the adder but does no damage.
The orc priest hits you but does no damage.
You climb upwards.
Level annotation: 1 transporter, Folque's ghost, amateur OpWz
There is a stone staircase leading down here.
Casting: Call Imp (safe; 12% risk of failure)
Confirm with . or Enter, or press ? or * to list all spells.
You blink.
The orc closely misses you.
The orc priest calls down the wrath of Beogh upon you.
Beogh smites you!
You die...

#.# #.###.### #.# #.#
#.# #.# #.# #.# #.#
#.# #.#
#.######.###.#
#o#..........#
#ยง..########.#######
##o.# ##....(... #.@#
##..)###### #..#
###.......### #..#
##............
#.[###.#...........
#.....###......####
##.###.#......## #.#
##.##...## #.#
#####.## #.########.#


You could see an orc priest and an orc.

Vanquished Creatures
  An orc priest (D:4)
  4 gnolls
  3 adders
  2 worms (D:3)
  2 dart slugs
  A leopard gecko (D:1)
  4 orcs
  9 bats
  3 giant cockroaches
  12 goblins
  7 hobgoblins
  5 jackals
  3 frilled lizards
  7 kobolds
  6 rats
69 creatures vanquished.

Vanquished Creatures (collateral kills)
  Robin (D:2)
  5 hobgoblins
  A frilled lizard (D:2)
7 creatures vanquished.

Grand Total: 76 creatures vanquished

Notes
Turn   | Place    | Note
-------+----------+-------------------------------------------
     0 | D:1      | Folque the Octopode Wizard began the quest for the Orb.
     0 | D:1      | Reached XP level 1. HP: 11/11 MP: 4/4
   160 | D:1      | Reached skill level 1 in Fighting
   193 | D:1      | Reached XP level 2. HP: 4/18 MP: 0/6
   517 | D:1      | Learned a level 2 spell: Call Imp
   520 | D:1      | Learned a level 2 spell: Blink
  1311 | D:1      | Reached XP level 3. HP: 24/24 MP: 7/7
  1319 | D:1      | Learned a level 3 spell: Mephitic Cloud
  1815 | D:2      | Reached skill level 1 in Poison Magic
  2017 | D:2      | Noticed Robin
  2045 | D:2      | Killed Robin
  2101 | D:2      | Reached XP level 4. HP: 23/29 MP: 7/9
  3019 | D:3      | Found a shattered altar of Ashenzari.
  3027 | D:3      | Reached skill level 1 in Air Magic
  3272 | D:3      | Reached XP level 5. HP: 34/34 MP: 2/10
  3307 | D:3      | Found a transporter.
  3307 | D:3      | Noticed Folque's ghost (amateur OpWz)
  3310 | D:3      | Identified the +10 dire flail "Ykegh" {crush, +Blink}
  3310 | D:3      | Noticed an ogre
  3317 | D:3      | Learned a level 3 spell: Conjure Flame
  3696 | D:3      | Found an iron altar of Okawaru.
  3975 | D:4      | Noticed a phantom
  3982 | D:3      | Killed from afar by an orc priest

Skill      XL: |  1  2  3  4  5 |
---------------+----------------+-----
Fighting       | 1 2 |  2.0
Stealth        | 3 |  3.1
Poison Magic   | 1 2 |  2.0
Air Magic      | 1 |  1.0
Conjurations   | 2 |  2.7
Dodging        | |  2.0
Spellcasting   | |  3.9
Summonings     | |  1.0
Translocations | |  1.0

Action                   |  1- 3 |  4- 6 || total
-------------------------+-------+-------++-------
Melee: Unarmed           |    70 |       ||    70
       Constrict         |    27 |    18 ||    45
       Tentacles         |    16 |     9 ||    25
       Dagger            |    17 |    30 ||    47
       Halberd           |       |    44 ||    44
 Cast: Magic Dart        |    20 |     5 ||    25
       Call Imp          |     3 |     6 ||     9
       Mephitic Cloud    |       |     6 ||     6
       Blink             |       |     1 ||     1
  Use: Scroll            |       |     2 ||     2
 Stab: Sleeping          |     5 |     9 ||    14
       Confused          |       |     1 ||     1
  Eat: Chunk             |     4 |     6 ||    10
Armor: Skin              |    13 |     1 ||    14
Dodge: Dodged            |    79 |    44 ||   123
